General information
- name: BNet
- type: Ladder team game (AT/RT)
- host: Battle.net
- saver: BEAR_AND
map: Monsoon
- players: 6
- length: 58:46
- speed: Fast
- version: 1.21 W3XP
- replay type:

» download(479 KB)
Players
team 1 (loser)
BIOSAFETY (
yellow | 82 APM | 4672 actions | 57:06)
5 Archmage
3 Summon Water Elemental
2 Brilliance Aura
4 Mountain King
2 Storm Bolt
2 Bash
» actions
| Assign group hotkey | 44 | |
| Basic commands | 68 | |
| Build / train | 131 | |
| ESC pressed | 1 | |
| Enter build submenu | 85 | |
| Enter hero's abilities submenu | 10 | |
| Give item / drop item | 2 | |
| Remove unit from queue | 1 | |
| Right click | 2040 | |
| Select / deselect | 1057 | |
| Select group hotkey | 992 | |
| Use ability | 241 | |
4672 total
» units
| Peasant | 23 | |
| Footman | 10 | |
| Mortar Team | 4 | |
| Dragonhawk Rider | 12 | |
| Siege Engine | 10 | |
59 total
» upgrades
| Defend | 1 | |
| Long Rifles | 1 | |
| Flare | 1 | |
| Magic Sentry | 1 | |
| Cloud | 1 | |
| Fragmentation Shards | 1 | |
| Barrage | 1 | |
7 total
» buildings
| Altar of Kings | 2 | |
| Farm | 18 | |
| Barracks | 1 | |
| Arcane Vault | 1 | |
| Scout Tower | 34 | |
| Arcane Tower | 3 | |
| Keep | 2 | |
| Lumber Mill | 2 | |
| Blacksmith | 2 | |
| Workshop | 4 | |
| Arcane Sanctum | 5 | |
| Gryphon Aviary | 1 | |
| Castle | 2 | |
| Guard Tower | 26 | |
| Town Hall | 2 | |
105 total
» build order
00:03 Altar of Kings
00:04 Farm
00:23 Barracks
00:57 Farm
01:44 Farm
02:02 Arcane Vault
03:14 Scout Tower
03:43 Arcane Tower
04:25 Keep
04:47 Lumber Mill
06:36 Blacksmith
07:55 Workshop
08:07 Farm
08:43 Farm
09:21 Farm
09:35 Arcane Sanctum
09:45 Gryphon Aviary
11:23 Castle
12:12 Farm
12:36 Arcane Sanctum
12:42 Farm
13:35 Farm
13:37 Scout Tower
14:04 Farm
14:57 Guard Tower
14:59 Scout Tower
16:07 Workshop
16:58 Guard Tower
17:41 Scout Tower
18:16 Arcane Tower
18:18 Scout Tower
18:49 Guard Tower
18:50 Scout Tower
19:17 Guard Tower
19:20 Scout Tower
20:02 Guard Tower
20:03 Scout Tower
20:33 Guard Tower
20:35 Scout Tower
21:01 Scout Tower
21:27 Guard Tower
21:33 Guard Tower
28:12 Scout Tower
28:46 Guard Tower
28:47 Scout Tower
28:50 Town Hall
30:41 Guard Tower
33:46 Town Hall
35:02 Scout Tower
35:15 Scout Tower
35:29 Guard Tower
35:32 Scout Tower
35:46 Guard Tower
35:51 Scout Tower
36:05 Guard Tower
36:22 Scout Tower
36:23 Guard Tower
36:25 Scout Tower
37:50 Keep
37:53 Workshop
37:55 Scout Tower
37:56 Guard Tower
38:23 Guard Tower
38:25 Scout Tower
38:26 Scout Tower
38:28 Scout Tower
38:58 Workshop
38:59 Guard Tower
39:49 Guard Tower
44:57 Scout Tower
45:01 Scout Tower
45:26 Guard Tower
45:29 Scout Tower
45:35 Guard Tower
45:36 Scout Tower
45:43 Castle
45:59 Guard Tower
46:01 Scout Tower
46:05 Guard Tower
46:14 Farm
46:29 Guard Tower
46:33 Scout Tower
47:15 Arcane Tower
47:20 Lumber Mill
47:33 Scout Tower
48:32 Farm
48:53 Guard Tower
48:55 Scout Tower
50:04 Guard Tower
50:05 Scout Tower
50:06 Farm
50:11 Farm
50:53 Farm
51:38 Farm
52:40 Farm
53:45 Farm
53:50 Scout Tower
54:16 Arcane Sanctum
54:20 Arcane Sanctum
54:23 Arcane Sanctum
54:24 Guard Tower
55:34 Scout Tower
55:35 Scout Tower
55:49 Blacksmith
55:50 Altar of Kings
» items
| Lesser Clarity Potion | 6 | |
| Scroll of Regeneration | 8 | |
| Scroll of Town Portal | 6 | |
20 total
jon_killer (
blue | 87 APM | 4925 actions | 56:31)
7 Keeper of the Grove
3 Entangling Roots
3 Force of Nature
1 Tranquility
» actions
| Assign group hotkey | 64 | |
| Basic commands | 207 | |
| Build / train | 128 | |
| Enter build submenu | 37 | |
| Enter hero's abilities submenu | 7 | |
| Give item / drop item | 2 | |
| Remove unit from queue | 12 | |
| Right click | 2264 | |
| Select / deselect | 558 | |
| Select group hotkey | 1464 | |
| Use ability | 182 | |
4925 total
» units
| Wisp | 47 | |
| Huntress | 8 | |
| Glaive Thrower | 5 | |
| Hippogryph | 9 | |
| Chimaera | 21 | |
90 total
» upgrades
| Strength of the Moon | 1 | |
| Strength of the Wild | 3 | |
| Reinforced Hides | 3 | |
| Corrosive Breath | 1 | |
8 total
» buildings
| Altar of Elders | 1 | |
| Moon Well | 6 | |
| Hunter's Hall | 1 | |
| Ancient of War | 2 | |
| Ancient of Wonders | 1 | |
| Tree of Ages | 1 | |
| Tree of Eternity | 1 | |
| Ancient of Wind | 1 | |
| Tree of Life | 7 | |
| Ancient Protector | 10 | |
| Chimaera Roost | 2 | |
33 total
» build order
00:10 Altar of Elders
00:20 Moon Well
01:49 Hunter's Hall
01:54 Ancient of War
02:31 Ancient of War
02:33 Moon Well
02:52 Moon Well
04:56 Ancient of Wonders
09:11 Tree of Ages
11:34 Tree of Eternity
11:38 Ancient of Wind
12:50 Moon Well
15:14 Tree of Life
15:26 Ancient Protector
16:02 Ancient Protector
16:05 Ancient Protector
16:18 Ancient Protector
16:44 Chimaera Roost
17:02 Ancient Protector
17:10 Ancient Protector
17:22 Ancient Protector
19:35 Ancient Protector
19:37 Ancient Protector
20:12 Ancient Protector
21:59 Tree of Life
25:39 Chimaera Roost
28:41 Moon Well
28:49 Moon Well
33:56 Tree of Life
45:52 Tree of Life
48:06 Tree of Life
52:41 Tree of Life
53:35 Tree of Life
» items
| Potion of Healing | 3 | |
| Potion of Lesser Invulnerability | 2 | |
| Scroll of Town Portal | 2 | |
7 total
wak3 (
red | 69 APM | 4070 actions | 58:45)
4 Death Knight
2 Death Coil
2 Unholy Aura
4 Crypt Lord
2 Carrion Beetles
2 Impale
1 Dreadlord
1 Sleep
» actions
| Assign group hotkey | 30 | |
| Basic commands | 3 | |
| Build / train | 65 | |
| ESC pressed | 2 | |
| Enter build submenu | 29 | |
| Enter hero's abilities submenu | 9 | |
| Give item / drop item | 2 | |
| Right click | 1941 | |
| Select / deselect | 462 | |
| Select group hotkey | 1405 | |
| Use ability | 122 | |
4070 total
» units
| Acolyte | 12 | |
| Ghoul | 5 | |
| Crypt Fiend | 7 | |
| Meatwagon | 4 | |
| Obsidian Statue | 3 | |
| Frost Wyrm | 2 | |
33 total
» upgrades
| Burrow | 1 | |
| Web | 1 | |
| Freezing Breath | 1 | |
| Destroyer Form | 1 | |
4 total
» buildings
| Graveyard | 1 | |
| Crypt | 1 | |
| Altar of Darkness | 2 | |
| Ziggurat | 14 | |
| Tomb of Relics | 1 | |
| Nerubian Tower | 1 | |
| Halls of the Dead | 1 | |
| Slaughterhouse | 1 | |
| Sacrificial Pit | 1 | |
| Black Citadel | 1 | |
| Boneyard | 1 | |
| Spirit Tower | 4 | |
| Necropolis | 1 | |
30 total
» build order
00:13 Graveyard
00:21 Crypt
00:43 Altar of Darkness
00:59 Ziggurat
01:15 Tomb of Relics
01:58 Ziggurat
02:04 Nerubian Tower
03:52 Halls of the Dead
04:53 Ziggurat
06:15 Slaughterhouse
06:18 Ziggurat
11:06 Ziggurat
11:12 Sacrificial Pit
11:16 Black Citadel
15:06 Boneyard
15:18 Ziggurat
15:37 Ziggurat
16:32 Ziggurat
20:34 Ziggurat
25:38 Ziggurat
26:40 Ziggurat
28:09 Spirit Tower
28:10 Spirit Tower
28:13 Ziggurat
28:17 Spirit Tower
28:19 Ziggurat
41:33 Necropolis
43:11 Ziggurat
43:15 Altar of Darkness
44:09 Spirit Tower
» items
| Rod of Necromancy | 1 | |
| Scroll of Town Portal | 6 | |
| Potion of Healing | 1 | |
| Dust of Appearance | 1 | |
9 total
team 2 (winner)
BEAR_AND (
purple | 137 APM | 8042 actions | 58:46)
10 Blademaster
3 Wind Walk
3 Critical Strike
1 Bladestorm
3 Mirror Image
» actions
| Assign group hotkey | 15 | |
| Basic commands | 100 | |
| Build / train | 127 | |
| Enter build submenu | 63 | |
| Enter hero's abilities submenu | 10 | |
| Give item / drop item | 5 | |
| Remove unit from queue | 6 | |
| Right click | 5792 | |
| Select / deselect | 428 | |
| Select group hotkey | 1145 | |
| Use ability | 349 | |
8042 total
» units
» upgrades
| Ranged Weapons | 3 | |
| Liquid Fire | 1 | |
4 total
» buildings
| Altar of Storms | 2 | |
| War Mill | 2 | |
| Orc Burrow | 7 | |
| Watch Tower | 42 | |
| Voodoo Lounge | 4 | |
| Stronghold | 1 | |
| Beastiary | 2 | |
| Fortress | 1 | |
| Great Hall | 2 | |
63 total
» build order
00:06 Altar of Storms
00:09 War Mill
00:18 Orc Burrow
01:49 Watch Tower
02:22 Watch Tower
02:35 Watch Tower
02:45 Watch Tower
02:50 Watch Tower
03:27 Watch Tower
03:28 Watch Tower
03:36 Voodoo Lounge
03:38 Watch Tower
03:50 Voodoo Lounge
04:28 Stronghold
04:49 Watch Tower
04:52 Watch Tower
05:09 Orc Burrow
05:21 Voodoo Lounge
06:46 Watch Tower
06:48 Watch Tower
06:49 Watch Tower
07:42 Watch Tower
07:42 Watch Tower
09:06 Watch Tower
09:07 Watch Tower
09:33 Watch Tower
10:44 Watch Tower
10:45 Watch Tower
10:46 Watch Tower
10:47 Watch Tower
10:52 Beastiary
11:31 Beastiary
11:52 Watch Tower
12:27 Fortress
12:58 Watch Tower
13:00 Watch Tower
13:05 Orc Burrow
13:51 Orc Burrow
15:12 Watch Tower
18:23 Watch Tower
18:24 Watch Tower
18:24 Watch Tower
24:09 Voodoo Lounge
24:35 Watch Tower
24:35 Watch Tower
27:46 Orc Burrow
27:46 Orc Burrow
27:49 Orc Burrow
40:56 Altar of Storms
43:29 War Mill
44:15 Great Hall
44:53 Watch Tower
44:54 Watch Tower
44:54 Watch Tower
44:55 Watch Tower
44:55 Watch Tower
44:56 Watch Tower
46:05 Watch Tower
46:05 Watch Tower
46:06 Watch Tower
46:10 Watch Tower
46:10 Watch Tower
51:20 Great Hall
» items
| Boots of Speed | 1 | |
| Healing Salve | 7 | |
| Lesser Clarity Potion | 18 | |
| Dust of Appearance | 1 | |
| Orb of Lightning | 1 | |
| Scroll of Town Portal | 3 | |
| Potion of Lesser Invulnerability | 1 | |
32 total
iggy_the_fisk (
teal | 130 APM | 7647 actions | 58:45)
5 Archmage
3 Blizzard
2 Brilliance Aura
5 Blood Mage
3 Flame Strike
2 Siphon Mana
3 Mountain King
2 Storm Bolt
1 Bash
» actions
| Assign group hotkey | 244 | |
| Basic commands | 21 | |
| Build / train | 168 | |
| Enter build submenu | 90 | |
| Enter hero's abilities submenu | 14 | |
| Give item / drop item | 3 | |
| Remove unit from queue | 8 | |
| Right click | 3667 | |
| Select / deselect | 553 | |
| Select group hotkey | 2505 | |
| Use ability | 374 | |
7647 total
» units
| Peasant | 29 | |
| Dragonhawk Rider | 15 | |
44 total
» upgrades
| Masonry | 3 | |
| Lumber Harvesting | 2 | |
| Magic Sentry | 1 | |
| Animal War Training | 1 | |
| Cloud | 1 | |
| Swords | 3 | |
| Armor | 3 | |
14 total
» buildings
| Lumber Mill | 1 | |
| Farm | 8 | |
| Altar of Kings | 1 | |
| Scout Tower | 71 | |
| Arcane Tower | 1 | |
| Guard Tower | 38 | |
| Arcane Vault | 1 | |
| Keep | 1 | |
| Castle | 1 | |
| Gryphon Aviary | 1 | |
| Arcane Sanctum | 1 | |
| Barracks | 1 | |
| Blacksmith | 1 | |
| Town Hall | 5 | |
132 total
» build order
00:09 Lumber Mill
00:20 Farm
00:54 Altar of Kings
01:21 Scout Tower
01:39 Scout Tower
01:44 Arcane Tower
02:01 Guard Tower
02:14 Farm
02:20 Scout Tower
02:44 Guard Tower
02:45 Guard Tower
02:45 Guard Tower
03:14 Scout Tower
03:17 Arcane Vault
03:19 Scout Tower
03:54 Guard Tower
05:02 Scout Tower
05:10 Guard Tower
05:12 Scout Tower
05:34 Guard Tower
05:35 Scout Tower
06:08 Keep
06:16 Scout Tower
06:53 Guard Tower
06:56 Scout Tower
07:39 Guard Tower
08:07 Scout Tower
08:26 Farm
08:26 Farm
08:29 Farm
08:34 Guard Tower
09:01 Scout Tower
09:01 Scout Tower
09:02 Scout Tower
09:02 Scout Tower
09:54 Scout Tower
10:04 Guard Tower
10:05 Scout Tower
10:06 Scout Tower
10:32 Guard Tower
11:04 Guard Tower
11:07 Castle
11:11 Scout Tower
11:34 Scout Tower
11:50 Guard Tower
12:03 Gryphon Aviary
12:05 Farm
12:08 Guard Tower
12:11 Scout Tower
13:19 Guard Tower
13:45 Arcane Sanctum
15:39 Scout Tower
15:56 Scout Tower
16:22 Guard Tower
16:24 Scout Tower
16:43 Guard Tower
17:18 Guard Tower
17:39 Scout Tower
18:07 Guard Tower
18:08 Scout Tower
18:38 Guard Tower
18:39 Scout Tower
18:41 Scout Tower
19:38 Scout Tower
19:51 Scout Tower
19:58 Farm
20:13 Scout Tower
20:14 Scout Tower
20:29 Farm
20:33 Scout Tower
20:52 Guard Tower
21:04 Guard Tower
21:17 Barracks
21:26 Scout Tower
21:36 Scout Tower
21:37 Scout Tower
21:44 Blacksmith
22:39 Guard Tower
22:40 Scout Tower
22:42 Scout Tower
25:18 Guard Tower
26:01 Scout Tower
26:03 Scout Tower
26:05 Scout Tower
26:07 Scout Tower
26:32 Guard Tower
26:33 Scout Tower
26:35 Scout Tower
26:36 Scout Tower
27:20 Guard Tower
27:22 Scout Tower
27:24 Scout Tower
27:27 Scout Tower
27:52 Guard Tower
27:55 Town Hall
28:22 Guard Tower
28:56 Scout Tower
28:56 Scout Tower
29:33 Town Hall
29:45 Town Hall
29:56 Scout Tower
29:57 Scout Tower
29:59 Scout Tower
30:00 Scout Tower
30:02 Scout Tower
30:03 Scout Tower
30:06 Guard Tower
30:07 Scout Tower
30:08 Scout Tower
30:09 Scout Tower
30:10 Scout Tower
30:13 Town Hall
30:21 Town Hall
30:59 Guard Tower
32:13 Guard Tower
32:24 Scout Tower
32:25 Scout Tower
33:48 Guard Tower
33:50 Scout Tower
37:24 Guard Tower
37:25 Scout Tower
37:26 Scout Tower
37:27 Scout Tower
37:27 Scout Tower
37:30 Scout Tower
37:30 Scout Tower
38:55 Guard Tower
39:29 Guard Tower
40:44 Scout Tower
40:46 Scout Tower
41:16 Guard Tower
» items
| Scroll of Regeneration | 14 | |
| Healing Salve | 3 | |
| Lesser Clarity Potion | 8 | |
| Staff of Sanctuary | 3 | |
| Scroll of Town Portal | 10 | |
| Boots of Speed | 2 | |
| Orb of Lightning | 1 | |
| Staff of Teleportation | 1 | |
| Potion of Healing | 1 | |
43 total
TIMG4STRok (
orange | 121 APM | 6964 actions | 57:23)
5 Archmage
1 Summon Water Elemental
2 Brilliance Aura
2 Blizzard
4 Mountain King
2 Storm Bolt
2 Bash
2 Firelord
1 Soul Burn
1 Summon Lava Spawn
» actions
| Assign group hotkey | 14 | |
| Basic commands | 112 | |
| Build / train | 164 | |
| ESC pressed | 9 | |
| Enter build submenu | 100 | |
| Enter hero's abilities submenu | 11 | |
| Give item / drop item | 10 | |
| Right click | 3494 | |
| Select / deselect | 546 | |
| Select group hotkey | 2041 | |
| Use ability | 463 | |
6964 total
» units
| Peasant | 32 | |
| Dragonhawk Rider | 3 | |
| Sorceress | 2 | |
| Priest | 2 | |
| Gryphon Rider | 6 | |
45 total
» upgrades
| Masonry | 3 | |
| Lumber Harvesting | 2 | |
| Magic Sentry | 1 | |
| Animal War Training | 1 | |
| Armor | 4 | |
| Swords | 3 | |
| Cloud | 1 | |
| Flak Cannons | 1 | |
| Gunpowder | 1 | |
| Storm Hammers | 1 | |
| Sorceress Training | 1 | |
| Priest Training | 1 | |
| Backpack | 1 | |
21 total
» buildings
| Lumber Mill | 1 | |
| Farm | 10 | |
| Altar of Kings | 1 | |
| Scout Tower | 108 | |
| Arcane Tower | 2 | |
| Guard Tower | 36 | |
| Arcane Vault | 1 | |
| Keep | 1 | |
| Town Hall | 2 | |
| Arcane Sanctum | 1 | |
| Gryphon Aviary | 2 | |
| Barracks | 2 | |
| Castle | 1 | |
| Blacksmith | 1 | |
| Workshop | 1 | |
| Cannon Tower | 2 | |
172 total
» build order
00:10 Lumber Mill
00:25 Farm
00:54 Altar of Kings
00:56 Scout Tower
01:21 Arcane Tower
01:23 Scout Tower
01:49 Guard Tower
01:49 Guard Tower
01:58 Scout Tower
03:32 Guard Tower
03:37 Farm
03:55 Scout Tower
04:27 Scout Tower
04:32 Scout Tower
04:33 Scout Tower
04:35 Scout Tower
04:36 Scout Tower
05:02 Guard Tower
05:11 Arcane Vault
05:49 Guard Tower
06:10 Scout Tower
06:13 Scout Tower
06:15 Scout Tower
06:43 Guard Tower
06:46 Scout Tower
06:52 Guard Tower
06:55 Scout Tower
06:55 Scout Tower
07:35 Arcane Tower
07:55 Guard Tower
07:57 Guard Tower
07:59 Scout Tower
08:00 Scout Tower
08:03 Keep
08:38 Guard Tower
08:43 Scout Tower
08:58 Scout Tower
08:59 Scout Tower
09:00 Scout Tower
09:02 Scout Tower
09:02 Scout Tower
09:03 Scout Tower
09:21 Guard Tower
09:42 Guard Tower
10:08 Guard Tower
10:45 Guard Tower
10:50 Farm
11:16 Scout Tower
11:17 Scout Tower
11:28 Farm
11:55 Farm
11:58 Guard Tower
12:10 Guard Tower
12:43 Town Hall
13:40 Scout Tower
13:53 Arcane Sanctum
13:54 Farm
14:22 Guard Tower
14:37 Scout Tower
14:39 Scout Tower
14:55 Scout Tower
14:56 Scout Tower
15:07 Guard Tower
15:16 Scout Tower
15:17 Scout Tower
15:18 Scout Tower
15:18 Scout Tower
15:53 Guard Tower
16:05 Guard Tower
16:11 Gryphon Aviary
17:35 Barracks
17:37 Gryphon Aviary
17:40 Scout Tower
17:41 Scout Tower
17:42 Scout Tower
17:43 Scout Tower
17:46 Guard Tower
17:58 Scout Tower
17:58 Scout Tower
19:05 Guard Tower
19:07 Scout Tower
19:09 Scout Tower
19:10 Scout Tower
19:12 Scout Tower
19:16 Scout Tower
19:23 Guard Tower
19:25 Scout Tower
19:26 Scout Tower
19:34 Town Hall
20:07 Castle
20:11 Guard Tower
21:04 Barracks
21:04 Blacksmith
21:07 Scout Tower
21:08 Scout Tower
21:11 Guard Tower
21:47 Guard Tower
21:49 Scout Tower
21:50 Scout Tower
21:50 Scout Tower
21:51 Scout Tower
22:14 Guard Tower
24:17 Farm
25:26 Scout Tower
25:27 Scout Tower
25:28 Scout Tower
25:29 Scout Tower
25:30 Scout Tower
25:35 Guard Tower
25:37 Scout Tower
25:38 Scout Tower
25:39 Scout Tower
25:40 Scout Tower
26:55 Scout Tower
26:56 Scout Tower
26:57 Scout Tower
26:59 Scout Tower
26:59 Scout Tower
27:00 Scout Tower
27:04 Guard Tower
27:56 Guard Tower
28:03 Scout Tower
28:05 Scout Tower
28:05 Scout Tower
29:07 Guard Tower
29:09 Workshop
30:35 Scout Tower
30:36 Scout Tower
31:05 Cannon Tower
32:04 Scout Tower
32:04 Scout Tower
32:05 Scout Tower
32:06 Scout Tower
32:07 Scout Tower
32:08 Scout Tower
32:08 Scout Tower
32:09 Scout Tower
32:10 Scout Tower
32:11 Scout Tower
32:13 Scout Tower
32:22 Guard Tower
32:24 Scout Tower
32:25 Scout Tower
33:19 Guard Tower
36:06 Scout Tower
36:07 Scout Tower
36:08 Scout Tower
36:09 Scout Tower
36:12 Scout Tower
36:14 Scout Tower
36:15 Scout Tower
37:55 Guard Tower
37:57 Scout Tower
37:58 Scout Tower
43:06 Scout Tower
43:06 Scout Tower
43:07 Scout Tower
43:08 Scout Tower
44:51 Cannon Tower
45:17 Guard Tower
47:23 Scout Tower
47:23 Scout Tower
47:26 Scout Tower
47:27 Scout Tower
47:28 Scout Tower
47:31 Scout Tower
47:31 Scout Tower
47:33 Scout Tower
50:00 Guard Tower
50:49 Farm
50:53 Farm
50:54 Farm
» items
| Scroll of Regeneration | 8 | |
| Healing Salve | 4 | |
| Lesser Clarity Potion | 5 | |
| Boots of Speed | 3 | |
| Staff of Teleportation | 3 | |
| Potion of Invisibility | 1 | |
| Tome of Retraining | 1 | |
| Scroll of Town Portal | 2 | |
| Orb of Lightning | 2 | |
| Staff of Sanctuary | 3 | |
| Periapt of Vitality | 1 | |
| Circlet of Nobility | 1 | |
| Orb of Fire | 1 | |
35 total
Chat log
(08:04 / All) iggy_the_fisk: damn wak3 u suck
(08:09 / All) wak3: i know right
(11:25 / All) BEAR_AND: losing glaive to creeps blue
(11:27 / All) BEAR_AND: sweet
(17:30 / All) iggy_the_fisk: Holy noob redc
(17:32 / All) iggy_the_fisk: leave
(17:34 / All) iggy_the_fisk: quit wak3 noob
(17:50 / All) wak3: ok
(17:55 / All) iggy_the_fisk: QUIT
(17:58 / All) wak3: OK
(18:02 / All) BEAR_AND: u just got Owned
(18:04 / All) iggy_the_fisk: you're not quitting
(18:05 / All) iggy_the_fisk: get to it
(18:08 / All) wak3: OK
(22:22 / All) iggy_the_fisk: NOOOBS
(22:23 / All) iggy_the_fisk: NOOOBS
(25:43 / All) iggy_the_fisk: damnw ak3
(25:45 / All) iggy_the_fisk: LEAVE
(30:46 / All) BEAR_AND: bye am
(30:46 / All) iggy_the_fisk: LEAVE NOOBS
(30:47 / All) BEAR_AND: noob
(30:59 / All) BEAR_AND: ty for the tank
(31:01 / All) BEAR_AND: "tanks"
(31:36 / All) iggy_the_fisk: quit noobs bye :)
(31:45 / All) BIOSAFETY: wait i can mass tower too
(31:53 / All) iggy_the_fisk: nope you cant
(31:56 / All) iggy_the_fisk: cuz u a noob
(32:00 / All) iggy_the_fisk: and u lost this game bye...
(32:07 / All) BIOSAFETY: wait bro
(32:12 / All) BIOSAFETY: we can drag it for 3hour still
(32:16 / All) iggy_the_fisk: nope U cant
(32:18 / All) BEAR_AND: good
(32:21 / All) iggy_the_fisk: U have no gold u suck at this game
(32:21 / All) BIOSAFETY: will be a lot more fun
(34:29 / All) iggy_the_fisk: ty blue
(34:31 / All) iggy_the_fisk: biggest noob
(34:34 / All) BEAR_AND: wow
(34:36 / All) BEAR_AND: i thank ye
(34:39 / All) BEAR_AND: and then i spank ye
(35:11 / All) BEAR_AND: nope
(35:12 / All) BEAR_AND: NOPE
(35:13 / Allies) BEAR_AND: cancel
(35:14 / All) BEAR_AND: deti
(35:16 / All) BEAR_AND: noob
(36:22 / All) BEAR_AND: *poog*
(36:57 / All) BEAR_AND: a noob missing his base??
(37:01 / All) TIMG4STRok: ROFL POW
(38:14 / All) TIMG4STRok: where u base???
(38:22 / All) BEAR_AND: ty level 9
(38:31 / All) BEAR_AND: nhmmmmmmm need gold???
(39:32 / All) BEAR_AND: all right u noobs just lost for about the third time over
(39:39 / All) TIMG4STRok: RIFL
(41:01 / All) BEAR_AND: where your chimps?
(41:37 / All) BEAR_AND: i would recommend....leaving
(45:26 / All) BEAR_AND: noobshits
(45:32 / All) iggy_the_fisk: damn u suck.-..
(46:52 / All) BEAR_AND: U die aco
(46:54 / All) BEAR_AND: noob ass
(47:05 / All) iggy_the_fisk: wak3 was only draging you down anyway
(47:08 / All) iggy_the_fisk: Is always the ud
(47:10 / All) iggy_the_fisk: that isbiggest noob
(47:25 / All) BEAR_AND: cancel
(47:26 / All) BEAR_AND: nope
(47:58 / All) BEAR_AND: enjoy your loss
(47:59 / All) iggy_the_fisk: Nooobs
(48:03 / All) BEAR_AND: bye
(48:08 / All) BIOSAFETY: i said 2 hour
(48:14 / All) BEAR_AND: you said 3 actually
(48:16 / All) iggy_the_fisk: I said you a noob bitcch
(48:17 / All) iggy_the_fisk: suck it down
(51:32 / All) BIOSAFETY: pro
(51:33 / All) TIMG4STRok: guess im tappin into my 20k
(51:34 / All) BIOSAFETY: right there
(51:44 / All) iggy_the_fisk: 2 friggin ez
(52:40 / All) BEAR_AND: where your expo
(52:42 / All) BEAR_AND: it2
(55:28 / All) iggy_the_fisk: carrion beetle possibly best decision this game
(55:45 / All) BEAR_AND: WOPW owned
(55:54 / All) BEAR_AND: come on sucker
(55:56 / All) BEAR_AND: lick my battery
(56:20 / All) BEAR_AND: bolt
(56:20 / All) BEAR_AND: from
(56:21 / All) BEAR_AND: the
(56:21 / All) TIMG4STRok: Retard noob shits
(56:22 / All) BEAR_AND: blue
(56:29 / All) BEAR_AND: leave
(56:32 / All) iggy_the_fisk: donkeynoobs
(56:35 / All) BEAR_AND: byeeee
(56:36 / All) BEAR_AND: bye
(56:37 / All) BEAR_AND: byer
(57:05 / All) TIMG4STRok: leave noobshitards
(57:12 / All) BEAR_AND: not really even close
(57:14 / All) BEAR_AND: to 3 hours
(57:18 / All) BEAR_AND: you SUCK MY DONGO
(57:22 / All) BEAR_AND: raytheon dongo
(57:24 / All) iggy_the_fisk: dumbest dickdong ever
(57:30 / All) BEAR_AND: u anger him
(57:47 / All) BEAR_AND: go
(57:49 / All) BEAR_AND: hide a tree
(58:25 / All) BEAR_AND: shitbits 0
(58:29 / All) BEAR_AND: highper.ch 49